 Dungeon Crawl Stone Soup version 0.21-a0-536-gdbbf329 (webtiles) character file.

638 slep the Chopper (level 7, 0/37 HPs)
             Began as a Vine Stalker Fighter on Dec 15, 2017.
             Was a Follower of Okawaru.
             Slain by McSplat's ghost (6 damage)
             ... on level 4 of the Dungeon.
             The game lasted 00:09:38 (2333 turns).

slep the Chopper (Vine Stalker Fighter)             Turns: 2333, Time: 00:09:38

Health: 0/37       AC:  8    Str: 19    XL:     7   Next: 50%
Magic:  0/8        EV:  8    Int:  8    God:    Okawaru [*.....]
Gold:   197        SH: 10    Dex: 15    Spells: 6/6 levels left

rFire    . . .     SeeInvis .   a - +0 war axe
rCold    . . .     Gourm    .   c - +0 shield
rNeg     . . .     Faith    .   y - -1 scale mail (curse)
rPois    .         Spirit   +   l - +0 helmet
rElec    .         Reflect  .   (no cloak)
rCorr    .         Harm     .   j - +0 pair of gloves
MR       .....                  (no boots)
Stlth    ..........             (no amulet)
HPRegen  0.52/turn              (no ring)
MPRegen  0.11/turn              (no ring)

@: slowed, very slow
A: fangs 2, regeneration 1, magic shield, antimagic bite, no potion heal 3, rot
immunity
a: Heroism, Renounce Religion


You were on level 4 of the Dungeon.
You worshipped Okawaru.
Okawaru was aware of your devotion.
You were not hungry.

You visited 1 branch of the dungeon, and saw 4 of its levels.

You collected 197 gold pieces.

Inventory:

Hand Weapons
 a - a +0 war axe (weapon)
Missiles
 e - 8 tomahawks (quivered)
Armour
 b - a +0 scale mail
 c - a +0 shield (worn)
 j - a +0 pair of gloves (worn)
 l - a +0 helmet (worn)
 y - a cursed -1 scale mail (worn)
Wands
 d - a wand of digging (2)
Scrolls
 k - 8 scrolls of identify {unknown}
 n - a scroll of remove curse {unknown}
 o - 4 scrolls of teleportation {unknown}
 p - 2 scrolls of enchant armour {unknown}
 q - 4 scrolls of blinking {unknown}
 s - 2 scrolls of magic mapping {unknown}
 v - a scroll of amnesia {unknown}
 w - a scroll of fear {unknown}
 x - a scroll of noise {unknown}
Potions
 m - a potion of curing
 r - 2 potions of cancellation {unknown}
 t - a potion of invisibility {unknown}
 z - a potion of flight {unknown}
Comestibles
 f - 4 bread rations
 g - 6 fruits
 h - 5 meat rations
 i - a royal jelly
 u - 2 chunks of flesh


   Skills:
 + Level 4.0 Fighting
 + Level 4.8 Axes
 + Level 3.5 Armour
 + Level 1.1 Dodging
 + Level 0.2 Stealth
 + Level 4.3 Shields


You had 6 spell levels left.
You didn't know any spells.

Dungeon Overview and Level Annotations

Branches:
Dungeon (4/15)
 Temple: D:4-7

Altars:
Okawaru
Ru
Xom
The Shining One

Annotations:
D:4 McSplat's ghost, novice DsWz


Innate Abilities, Weirdness & Mutations

You have extremely sharp teeth.
Your natural rate of healing is unusually fast.
When hurt, damage is shared between your health and your magic reserves.
Your bite disrupts and absorbs the magic of your enemies.
Potions cannot restore your health.
You are immune to rotting.


Message History

You bite McSplat's ghost, but do no damage.
McSplat's ghost is severely damaged.
You slash the crimson imp!
The crimson imp blinks!
McSplat's ghost mumbles some strange words.
The white imp gestures at you. The puff of frost hits you!
McSplat's ghost hits you but does no damage.
The white imp hits you. The white imp freezes you.
You closely miss McSplat's ghost.
McSplat's ghost is severely damaged.
You slash the shadow imp! You hit the white imp but do no damage.
McSplat's ghost hits you!
* * * LOW HITPOINT WARNING * * *
The shadow imp hits you.
* * * LOW HITPOINT WARNING * * *
You block McSplat's ghost's attack.
It was a potion of curing.
That felt strangely inert.
The shadow imp hits you but does no damage.
McSplat's ghost hits you!
You die...

#..###..........##
#................#
###.##...........###
#.##.............####
#.##................
#.................##
##....5............##
#....55............###
##...@W...............
#............#.......
#..........#..##..†##
#.............#...(.#
#.............#.###..
................ ..
.............#.... ##.
............##.##.. ..
..(.....#.⌠. ... .


You could see McSplat's ghost, a crimson imp, a white imp and a shadow imp.

Vanquished Creatures
  The ghost of slep the Covered, an amateur BaFi of Okawaru (D:3)
  2 crimson imps (D:3)
  A hound (D:4)
  Natasha (thrice) (D:3)
  2 orc wizards (D:3)
  A worker ant (D:4)
  5 adders (D:2)
  4 gnolls
  2 worms
  2 dart slugs
  2 leopard geckos
  7 orcs
  6 bats
  3 giant cockroaches
  10 goblins
  9 hobgoblins
  13 jackals
  8 kobolds
  2 quokkas (D:2)
  A ball python (D:2)
  A frilled lizard (D:2)
  5 rats
90 creatures vanquished.

Notes
Turn   | Place    | Note
-------+----------+-------------------------------------------
     0 | D:1      | slep the Vine Stalker Fighter began the quest for the Orb.
     0 | D:1      | Reached XP level 1. HP: 11/11 MP: 2/2
   104 | D:1      | Reached XP level 2. HP: 16/16 MP: 3/3
   456 | D:1      | Reached XP level 3. HP: 20/20 MP: 4/4
   815 | D:2      | Found a glowing golden altar of the Shining One.
   820 | D:2      | Gained mutation: Your natural rate of healing is unusually fast. [Vine Stalker growth]
   820 | D:2      | Reached XP level 4. HP: 21/24 MP: 3/5
  1070 | D:2      | Found an iron altar of Okawaru.
  1080 | D:2      | Became a worshipper of Warmaster Okawaru
  1173 | D:2      | Found a sacrificial altar of Ru.
  1419 | D:2      | Reached XP level 5. HP: 28/28 MP: 6/6
  1723 | D:3      | Reached XP level 6. HP: 14/32 MP: 4/7
  1793 | D:3      | Noticed Natasha
  1800 | D:3      | Killed Natasha
  1904 | D:3      | Noticed slep's ghost (amateur BaFi)
  1907 | D:3      | Noticed Natasha
  1915 | D:3      | Killed slep's ghost
  1915 | D:3      | Reached * piety under Okawaru
  1915 | D:3      | Reached skill level 1 in Dodging
  1915 | D:3      | Reached XP level 7. HP: 12/37 MP: 3/8
  1917 | D:3      | Killed Natasha
  1931 | D:3      | Noticed Natasha
  1936 | D:3      | Killed Natasha
  2063 | D:3      | Found a shimmering altar of Xom.
  2312 | D:4      | Noticed McSplat's ghost (novice DsWz)
  2333 | D:4      | Slain by McSplat's ghost

Vault maps used:
D:1:      lemuel_arrival_hallway
D:2:      okawaru_altar_gauntlet_db, lemuel_coloured_pillars_altar,
          nicolae_ru_path_of_blood
D:3:      led_xom_imps, uniq_natasha
D:4:      first_bread, grunt_decor_one_mirror, minivault_23

Skill      XL: |  1  2  3  4  5  6  7 |
---------------+----------------------+-----
Axes           | 2 3 4 |  4.8
Fighting       | 3 4 |  4.0
Shields        | 3 4 |  4.3
Armour         | 3 |  3.5
Dodging        | 1 |  1.1
Stealth        | |  0.2

Action                   |  1- 3 |  4- 6 |  7- 9 || total
-------------------------+-------+-------+-------++-------
Melee: War axe           |    73 |   109 |    52 ||   234
       Bite              |    14 |    32 |    20 ||    66
  Use: Potion            |       |     1 |     1 ||     2
 Stab: Distracted        |     1 |       |       ||     1
  Eat: Chunk             |       |     4 |     1 ||     5
Armor: Scale mail        |    32 |    95 |    23 ||   150
Dodge: Dodged            |    35 |    43 |    16 ||    94
Block: Shield            |    57 |    67 |    28 ||   152

Table legend:
 A = Spawn XP
 B = Non-spawn XP
 C = Spawn XP percentage of total XP
 D = Spawn monster count
 E = Non-spawn monster count
 F = Spawn count percentage of total count
 G = Total turns spent on level
                    A         B        C        D         E        F      G
               +---------+---------+-------+---------+---------+-------+---------
         Total |       0 |     912 |   0.0 |       0 |      90 |   0.0 |  2333
               +---------+---------+-------+---------+---------+-------+---------
           D:1 |       0 |      36 |   0.0 |       0 |      19 |   0.0 |   617
           D:2 |       0 |     159 |   0.0 |       0 |      37 |   0.0 |   868
           D:3 |       0 |     640 |   0.0 |       0 |      32 |   0.0 |   727
           D:4 |       0 |      77 |   0.0 |       0 |       2 |   0.0 |   121
               +---------+---------+-------+---------+---------+-------+---------
